 Dungeon Crawl Stone Soup version 0.25-a0-292-gaa31f046c4 (webtiles) character file.

Game seed: 2058141698347101073, levelgen mode: classic

121 Borgoz the Cutter (level 5, -7/32 HPs)
             Began as a Kobold Gladiator on Dec 15, 2019.
             Was an Initiate of Okawaru.
             Killed from afar by Sigmund (8 damage)
             ... with a puff of flame
             ... on level 3 of the Dungeon.
             The game lasted 00:03:08 (1937 turns).

Borgoz the Cutter (Kobold Gladiator)                Turns: 1937, Time: 00:03:08

Health: -7/32      AC:  4    Str: 18    XL:     5   Next: 26%
Magic:  5/5        EV: 17    Int: 14    God:    Okawaru [......]
Gold:   159        SH:  0    Dex: 16    Spells: 4/4 levels left

rFire    . . .     SeeInvis .   a - +0 rapier
rCold    . . .     Gourm    .   (shield restricted)
rNeg     . . .     Faith    .   b - +0 leather armour
rPois    .         Spirit   .   c - +0 helmet
rElec    .         Reflect  .   (no cloak)
rCorr    .         Harm     .   (no gloves)
MR       .....     Rnd*Rage +   (no boots)
Stlth    ++........             s - amulet of regeneration
HPRegen  0.10/turn              (no ring)
MPRegen  0.09/turn              (no ring)

@: mighty, brilliant
A: small, berserk 1, blink, carnivore, screaming 1, MP-powered wands
a: Blink, Renounce Religion


You were on level 3 of the Dungeon.
You worshipped Okawaru.
Okawaru was noncommittal.
You were completely stuffed.

You visited 1 branch of the dungeon, and saw 3 of its levels.

You collected 159 gold pieces.

Inventory:

Hand Weapons
 a - a +0 rapier (weapon)
Missiles
 d - 2 throwing nets (quivered)
Armour
 b - a +0 leather armour (worn)
 c - a +0 helmet (worn)
 e - a +0 ring mail
Jewellery
 s - an amulet of regeneration (around neck)
Scrolls
 g - a scroll of teleportation {unknown}
 j - 2 scrolls of enchant weapon {unknown}
 m - a scroll of remove curse {unknown}
 n - a scroll of enchant armour {unknown}
 o - a scroll of identify {unknown}
 t - a scroll of fear {unknown}
Potions
 l - a potion of flight
Comestibles
 f - 5 rations
 p - 9 chunks of flesh


   Skills:
 * Level 3.2 Fighting
 * Level 4.7 Short Blades
 - Level 2.1 Throwing
 * Level 1.4 Armour
 * Level 4.6 Dodging
 + Level 1.9 Stealth


You had 4 spell levels left.
You didn't know any spells.
Your spell library contained the following spells:

 Spells                   Type           Power        Failure   Level  Hunger
 Recall                   Summ/Tloc      N/A          12%         3    ####...
 Animate Dead             Necr           N/A          32%         4    #####..
 Borgnjor's Vile Clutch   Necr/Erth      #.........   61%         5    ######.
 Death Channel            Necr           #.........   98%         6    #######
 Simulacrum               Ice/Necr       #.........   98%         6    #######


Dungeon Overview and Level Annotations

Branches:
Dungeon (3/15)

Altars:
Okawaru
Vehumet

Annotations:
D:3 Sigmund


Innate Abilities, Weirdness & Mutations

You are small and have problems with some larger weapons.
You are carnivorous and can eat meat at any time.
You tend to lose your temper in combat.
You can translocate small distances at will.
You occasionally shout uncontrollably at your foes.
You expend magic power (3 MP) to strengthen your wands.


Message History

Something hits you.
* * * LOW HITPOINT WARNING * * *
You swing at nothing.
Something hits you but does no damage.
Unknown command.
Okay, then.
Okay, then.
Unknown command.
You puncture something! Something closely misses you.
You hit something. Something barely misses you.
You puncture something! You closely miss something.
You hear some strange, mumbled words.
A puff of flame appears from out of thin air!
The puff of flame hits you.
* * * LOW HITPOINT WARNING * * *
You miss something.
You hear some strange, mumbled words.
A puff of flame appears from out of thin air!
The puff of flame hits you!
You die...

.........##.....#.# #
.........####..##.# #
.........####..##.# #
.........+.....##.# #
.(.......####..##.# #
.%?......####..##.##########
.........+.................>
.........####†.##.#########.
..........{@.............##.
#....##.#####.#.............
+... +..# #.#.#.#####...#.
#.. #### #.#.#.# #....... #.
#.#.# # ##..#... # ...
#..#... ... #..#†.. ..
#..#.#. #..#.#.


There were no monsters in sight!

Vanquished Creatures
  Jessica (D:3)
  A gnoll (D:1)
  3 adders
  5 leopard geckos
  4 orcs (D:3)
  A ball python (D:2)
  6 bats
  7 giant cockroaches
  4 goblins
  3 hobgoblins
  8 kobolds
  2 frilled lizards (D:1)
  6 rats
51 creatures vanquished.

Notes
Turn   | Place    | Note
-------+----------+-------------------------------------------
     0 | D:1      | Borgoz the Kobold Gladiator began the quest for the Orb.
     0 | D:1      | Reached XP level 1. HP: 12/12 MP: 1/1
   110 | D:1      | Reached XP level 2. HP: 3/18 MP: 2/2
   463 | D:1      | Reached XP level 3. HP: 22/22 MP: 3/3
   840 | D:1      | Reached skill level 1 in Stealth
  1028 | D:2      | Reached skill level 1 in Armour
  1035 | D:2      | Found an iron altar of Okawaru.
  1044 | D:2      | Reached XP level 4. HP: 26/27 MP: 4/4
  1064 | D:2      | Became a worshipper of Warmaster Okawaru
  1410 | D:2      | Found a radiant altar of Vehumet.
  1554 | D:3      | Noticed Jessica
  1570 | D:3      | Killed Jessica
  1570 | D:3      | Reached XP level 5. HP: 11/32 MP: 5/5
  1877 | D:3      | Noticed Sigmund
  1903 | D:3      | Gained mutation: You expend magic power (3 MP) to
                  | strengthen your wands. [potion of mutation]
  1903 | D:3      | Gained mutation: You tend to lose your temper in combat.
                  | [potion of mutation]
  1903 | D:3      | Gained mutation: You occasionally shout uncontrollably at
                  | your foes. [potion of mutation]
  1903 | D:3      | Gained mutation: You can translocate small distances at
                  | will. [potion of mutation]
  1936 | D:3      | HP: 1/32 [something/puff of flame (5)]
  1937 | D:3      | Killed from afar by Sigmund

Levels and vault maps discovered:
D:1:      minmay_arrival_glassed_features, layout_loops_ring,
          hangedman_abyss_or_decor_lesser_grid
D:2:      layout_basic, nicolae_overflow_crystal_walls, vehumet_crystals
D:3:      layout_basic, lemuel_round_altar, chequers_serial_rivers_micro_d,
          uniq_purgy, uniq_sigmund, uniq_jessica

Skill      XL: |  1  2  3  4 |
---------------+-------------+-----
Dodging        | 4 |  4.6
Stealth        | 1 |  1.9
Armour         | 1 |  1.4
Fighting       | 3 |  3.2
Short Blades   | |  4.7
Throwing       | |  2.1

Action                   |  1- 3 |  4- 6 || total
-------------------------+-------+-------++-------
Melee: Rapier            |    79 |    94 ||   173
Throw: Throwing net      |     4 |     1 ||     5
  Use: Potion            |       |     7 ||     7
 Stab: Sleeping          |     4 |     2 ||     6
       Held in net/web   |     2 |       ||     2
  Eat: Chunk             |     5 |     7 ||    12
Armor: Leather armour    |    23 |    11 ||    34
       Skin              |       |    40 ||    40
Dodge: Dodged            |    67 |    80 ||   147

Table legend:
 A = Non-vault XP
 B = Vault XP
 C = Vault XP percentage of total XP
 D = Non-vault monster count
 E = Vault monster count
 F = Vault count percentage of total count
                 A         B        C        D         E       F
            +---------+---------+-------+---------+---------+-------
      Total |     137 |      37 |  21.3 |      50 |       1 |   2.0
            +---------+---------+-------+---------+---------+-------
        D:1 |      43 |       0 |   0.0 |      20 |       0 |   0.0
        D:2 |      59 |       0 |   0.0 |      19 |       0 |   0.0
        D:3 |      35 |      37 |  51.4 |      11 |       1 |   8.3
            +---------+---------+-------+---------+---------+-------
